 Dungeon Crawl Stone Soup version 0.30.1-5-ged363bc7ee (webtiles) character file.

Game seed: 9559263461200671463

4 booth the Conjurer (level 1, 0/11 HPs)
             Began as an Octopode Conjurer on Sept 18, 2023.
             Slain by an endoplasm (3 damage)
             ... on level 1 of the Dungeon on Sept 19, 2023.
             The game lasted 00:04:51 (426 turns).

booth the Conjurer (Octopode Conjurer)               Turns: 426, Time: 00:04:52

Health: 0/11       AC:  1    Str:  6    XL:     1   Next: 60%
Magic:  3/3        EV: 13    Int: 20    God:
Gold:   36         SH:  0    Dex: 10    Spells: 3/4 levels left

rFire   . . .        e - +0 hand axe
rCold   . . .        (no shield)
rNeg    . . .        (helmet restricted)
rPois   .            (no amulet)
rElec   .            (no ring)
rCorr   .            (no ring)
SInv    .            (no ring)
Will    .....        (no ring)
Stlth   +++          (no ring)
HPRegen 0.21/turn    (no ring)
MPRegen 0.08/turn    (no ring)
                     (no ring)

%: no passive effects
@: no status effects
A: almost no armour, amphibious, 8 rings, camouflage 1, gelatinous body 1,
(nimble swimmer 1), tentacles
a: no special abilities


You were on level 1 of the Dungeon.
You visited 1 branch of the dungeon, and saw 1 of its levels.

You collected 36 gold pieces.

Inventory:

Hand Weapons
 e - a +0 hand axe (weapon)
Missiles
 c - 2 boomerangs
 g - 3 poisoned darts
Scrolls
 b - a scroll of fear {unknown}
 i - a scroll of immolation {unknown}
Potions
 a - a potion of magic
 d - a potion of mutation {unknown}
 f - 2 potions of attraction {unknown}
 h - a potion of might {unknown}


   Skills:
 + Level 2.1 Dodging
 + Level 2.8 Stealth
 + Level 2.0 Spellcasting
 + Level 4.0 Conjurations


You had 3 spell levels left.
You knew the following spells:

 Your Spells              Type           Power      Damage    Failure   Level
a - Magic Dart            Conj           72%        1d6       3%          1

Your spell library contained the following spells:

 Spells                   Type           Power      Damage    Failure   Level
 Searing Ray              Conj           36%        2d5       4%          2
 Dazzling Flash           Conj/Hex       20%        N/A       21%         3
 Fulminant Prism          Conj/Hex       5%         3d7       56%         4
 Iskenderun's Mystic Bla  Conj/Tloc      10%        2d4       56%         4


Dungeon Overview and Level Annotations

Branches:
Dungeon (1/15)

Altars:


Innate Abilities, Weirdness & Mutations

You cannot wear most types of armour.
You are amphibious.
You can wear up to eight rings at the same time.
Your skin changes colour to match your surroundings (Stealth+).
Your rubbery body absorbs attacks. (AC +1, EV +1)
((You are camouflaged when in or above water. (Stealth+)))
You have tentacles for arms and can constrict up to eight enemies at once.


Message History

Found 15 gold pieces.
You now have 36 gold pieces (gained 15).
Found a chain mail.
A rat comes into view.
You barely miss the rat. You grab the rat. You constrict the rat.
The rat barely misses you.
You hit the rat but do no damage.
The rat is moderately wounded.
You constrict the rat.
You kill the rat!
An endoplasm comes into view.
The helpless endoplasm fails to defend itself.
You hit the endoplasm.
The endoplasm is lightly wounded.
The endoplasm closely misses you.
You hit the endoplasm.
The endoplasm is heavily wounded.
The endoplasm freezes you.
You are frozen.
The endoplasm freezes you.
You are frozen.
You hit the endoplasm.
You squeeze the endoplasm, but do no damage.
The endoplasm is severely wounded.
The endoplasm freezes you.
You are frozen.
You hit the endoplasm but do no damage.
The endoplasm is severely wounded.
The endoplasm barely misses you.
You hit the endoplasm but do no damage.
The endoplasm is severely wounded.
The endoplasm hits you. The endoplasm completely misses you.
You hit the endoplasm but do no damage.
The endoplasm is severely wounded.
The endoplasm hits you.
* * * LOW HITPOINT WARNING * * *
You hit the endoplasm.
The endoplasm is almost dead.
The endoplasm hits you.
You die...

##########
#@J......#
#.######.#
############## #.#
.............###.#
#####....P##.##..#
####..♣♣PP.#.♣♣.♣♣
♣....P♣♣..PP.♣..P♣
..#.P♣..P....♣♣..♣
.
♣..P♣♣♣PP..P.♣P.♣♣
...


You could see an endoplasm.

Vanquished Creatures
  2 goblins (D:1)
  A kobold (D:1)
  A rat (D:1)
4 creatures vanquished.

Notes
Turn   | Place    | Note
-------+----------+-------------------------------------------
     0 | D:1      | booth the Octopode Conjurer began the quest for the Orb.
     0 | D:1      | Reached XP level 1. HP: 11/11 MP: 3/3
    81 | D:1      | Upgraded the game from 0.30.1-4-g462c640d31 to
                  | 0.30.1-5-ged363bc7ee
   426 | D:1      | Slain by an endoplasm

Illustrated notes

Levels and vault maps discovered:
D:1:      minmay_arrival_three_doors, layout_basic, serial_forest,
          infiniplex_forest_straight_2, infiniplex_forest_end_2,
          infiniplex_forest_straight_2, infiniplex_forest_clump_large,
          infiniplex_forest_straight_4, infiniplex_forest_clump_C,
          dk_noncrumbling_2, dk_noncrumbling_4

Action                     || total
---------------------------++-------
  Melee: Hand axe          ||    14
         Constrict         ||     2
         Tentacles         ||     2
   Cast: Magic Dart        ||     6
   Stab: Sleeping          ||     1
  Dodge: Dodged            ||     4
